 Dungeon Crawl Stone Soup version 0.30-a0-12-gd8047c6341 (webtiles) character file.

Game seed: 8928382097140289327

1 drugrobin the Sneak (level 1, -3/18 HPs)
             Began as a Demigod Delver on Aug 24, 2022.
             Slain by an orc
             ... wielding a +0 hand axe
              (4 damage)
             ... on level 4 of the Dungeon.
             The game lasted 00:01:24 (308 turns).

drugrobin the Sneak (Demigod Delver)                 Turns: 308, Time: 00:01:24

Health: -3/18      AC:  3    Str: 13    XL:     1   Next: 13%
Magic:  3/3        EV: 11    Int: 12    God:
Gold:   20         SH:  0    Dex: 15    Spells: 0/0 levels left

rFire   . . .      SeeInvis .    a - +0 short sword
rCold   . . .      Faith    .    (no shield)
rNeg    . . .      Spirit   .    j - +0 leather armour
rPois   .          Reflect  .    (no helmet)
rElec   .          Harm     .    (no cloak)
rCorr   .          Rampage  .    (no gloves)
Will    .....                    (no boots)
Stlth   +++.......               (no amulet)
HPRegen 0.06/turn                (no ring)
MPRegen 0.08/turn                (no ring)

@: no status effects
A: high MP 1, forlorn, divine attributes
a: no special abilities


You were on level 4 of the Dungeon.
You visited 2 branches of the dungeon, and saw 3 of its levels.

You collected 20 gold pieces.

Inventory:

Hand Weapons
 a - a +0 short sword (weapon)
 b - a +0 long sword
Missiles
 h - 3 stones (quivered)
Armour
 j - a +0 leather armour (worn)
Wands
 g - a wand of digging (3)
Scrolls
 c - a scroll of fog
 d - a scroll of magic mapping
 e - a scroll of fear
Potions
 f - a potion of haste
 i - 2 potions of heal wounds {unknown}


   Skills:
 + Level 2.8 Fighting
 - Level 1.7 Short Blades
 - Level 1.7 Dodging
 - Level 4.5 Stealth


You couldn't memorise any spells.
You didn't know any spells.
Your spell library contained the following spells:

 Spells                   Type           Power      Damage    Failure   Level
 Conjure Flame            Conj/Fire      0%         6-21      77%         3
 Ignite Poison            Fire/Tmut/Pois 0%         N/A       77%         3
 Sticky Flame             Conj/Fire      0%         2d3       99%         4


Dungeon Overview and Level Annotations

Branches:
Dungeon (5/15)             Temple (1/1) D:5


Innate Abilities, Weirdness & Mutations

You have an increased reservoir of magic. (+10% MP)
You shall have no god before yourself.
Your divine heritage dramatically boosts your attributes as you level up.


Message History

Unknown command.
Unknown command.
You hit the orc but do no damage.
The orc is almost dead.
The orc hits you with a +0 hand axe.
* * * LOW HITPOINT WARNING * * *
Unknown command.
Unknown command.
You closely miss the orc.
The orc is almost dead.
The orc misses you.
Unknown command.
Unknown command.
Unknown command.
Unknown command.
You hit the orc but do no damage.
The orc is severely wounded.
The orc closely misses you.
Unknown command.
Unknown command.
Press: ? - help, v - describe, . - travel
Here: an orc, wielding a +0 hand axe, wearing a +0 chain mail and quivering boomerangs (severely wounded)
The floor.
Unknown command.
Unknown command.
You hit the orc but do no damage.
The orc is severely wounded.
The orc barely misses you.
Unknown command.
Unknown command.
You hit the orc but do no damage.
The orc is severely wounded.
The orc closely misses you.
You hit the orc but do no damage.
The orc is severely wounded.
The orc barely misses you.
You closely miss the orc.
The orc is severely wounded.
The orc hits you with a +0 hand axe.
You die...

######## ##......##
##........## #...@......#
#...o......# #..........#
##### #..........##....#
........#>.........#.....#
........##...............#
........##.........#.#####
oo......#..........#.#
........#............#


You could see an orc.

Vanquished Creatures
  A ball python (D:4)
1 creature vanquished.

Notes
Turn   | Place    | Note
-------+----------+-------------------------------------------
     0 | D:5      | drugrobin the Demigod Delver began the quest for the Orb.
     0 | D:5      | Reached XP level 1. HP: 18/18 MP: 3/3
    47 | D:5      | Found a staircase to the Ecumenical Temple.
    68 | D:5      | Noticed a hound
    81 | Temple   | Entered the Ecumenical Temple
   185 | D:4      | Noticed a black bear
   308 | D:4      | Slain by an orc

Illustrated notes

Levels and vault maps discovered:
D:4:      layout_rooms, mainiacjoe_overflow_six_doors_small,
          nicolae_ashenzari_panopticon, mainiacjoe_overflow_brackets,
          uniq_eustachio
D:5:      layout_loops_ring, lemuel_doored_altar,
          minmay_temple_entry_antechambers, ebering_dispersal_statue_hall
Temple:   nicolae_temple_god_jail

Action                   || total
-------------------------++-------
Melee: Short sword       ||    24
       Punch             ||     1
Throw: Stone             ||     1
Armor: Leather armour    ||     3
Dodge: Dodged            ||    17

Table legend: (Time is in decaauts)
 A = Elapsed time spent in this place.
 B = Non-inter-level travel time spent in this place.
 C = Inter-level travel time spent in this place.
 D = Time resting spent in this place.
 E = Time spent auto-exploring this place.
 F = Levels seen in this place.
 G = Mean time per level.
                   A        B        C        D        E       F      G
               +--------+--------+--------+--------+--------+-----+--------+
         Total |    308 |    308 |      0 |     20 |     85 |   3 |  102.7 |
       Dungeon |    306 |    306 |      0 |     20 |     85 |   2 |  153.0 |
        Temple |      1 |      1 |      0 |      0 |      0 |   1 |    1.0 |
               +--------+--------+--------+--------+--------+-----+--------+

Top non-repeatable levels by time:
     D:5: 183 daAuts
     D:4: 123 daAuts
  Temple: 1 daAuts
